 Dungeon Crawl Stone Soup version 0.30-a0-605-gb2882149bf (webtiles) character file.

Game seed: 8969603025184057175

707 wormed the Caller (level 7, -7/33 HPs)
             Began as a Felid Summoner on Jan 7, 2023.
             Was an Initiate of Gozag.
             Killed by an exploding themself (40 damage)
             ... ignited by their inner flame
             ... on level 6 of the Dungeon on Jan 8, 2023.
             The game lasted 00:23:50 (7447 turns).

wormed the Caller (Felid Summoner)                  Turns: 7447, Time: 00:23:51

Health: -7/33      AC:  2    Str: 10    XL:     7   Next: 39%
Magic:  4/16       EV: 21    Int: 19    God:    Gozag
Gold:   291        SH:  0    Dex: 16    Spells: 6/17 levels left
                                        Lives:  0   Deaths: 2

rFire   . . .      SeeInvis +    (weapon unavailable)
rCold   . . .      Faith    .    (shield unavailable)
rNeg    . . .      Spirit   .    (body armour unavailable)
rPois   .          Reflect  .    (helmet unavailable)
rElec   .          Harm     .    (cloak unavailable)
rCorr   +          Rampage  .    (gloves unavailable)
Will    +....                    (boots unavailable)
Stlth   ++                       (no amulet)
HPRegen 0.25/turn                o - ring of resist corrosion
MPRegen 0.15/turn                w - +6 ring of strength

@: gold aura, quick
A: very small, claws 1, fangs 3, see invisible, speed 1, shaggy fur 2, stealthy
paws, no weapons or thrown items, no armour, multi-lived
a: Renounce Religion, Potion Petition, Call Merchant, Bribe Branch


You were on level 6 of the Dungeon.
You worshipped Gozag.
Gozag was aware of your devotion.
You visited 2 branches of the dungeon, and saw 8 of its levels.

You collected 375 gold pieces.
You paid 84 gold pieces to Gozag.

Inventory:

Jewellery
 o - a ring of resist corrosion (left paw)
 w - a +6 ring of strength (right paw)
Wands
 q - a wand of light (1)
 s - a wand of paralysis (9) (quivered)
Scrolls
 b - 2 scrolls of magic mapping
 d - a scroll of enchant weapon {unknown}
 e - 3 scrolls of fear {unknown}
 f - 4 scrolls of teleportation
 g - 3 scrolls of fog {unknown}
 i - 2 scrolls of acquirement {unknown}
 j - 2 scrolls of vulnerability {unknown}
 n - 3 scrolls of enchant armour {unknown}
 t - a scroll of blinking {unknown}
 u - 2 scrolls of identify
Potions
 a - a potion of magic
 c - 5 potions of mutation
 h - 2 potions of cancellation
 k - a potion of curing
 m - a potion of flight {unknown}
 p - 2 potions of degeneration {unknown}
 r - a potion of attraction {unknown}
 v - a potion of ambrosia {unknown}


   Skills:
 + Level 4.8 Fighting
 + Level 7.0 Dodging
 - Level 2.6 Stealth
 + Level 5.6 Spellcasting
 - Level 5.0 Hexes
 + Level 7.0 Summonings
 + Level 3.3 Air Magic


You had 6 spell levels left.
You knew the following spells:

 Your Spells              Type           Power      Damage    Failure   Level
a - Summon Small Mammal   Summ           100%       N/A       1%          1
b - Call Canine Familiar  Summ           32%        N/A       1%          3
c - Summon Guardian Gole  Hex/Summ       28%        N/A       3%          3
d - Summon Lightning Spi  Summ/Air       25%        N/A       14%         4

Your spell library contained the following spells:

 Spells                   Type           Power      Damage    Failure   Level
 Call Imp                 Summ           32%        N/A       1%          2
 Freeze                   Ice            20%        1d4       12%         1
 Dazzling Flash           Conj/Hex       28%        N/A       12%         3
 Inner Flame              Hex/Fire       14%        N/A       12%         3
 Frozen Ramparts          Ice            10%        1d2       34%         3
 Hailstorm                Conj/Ice       5%         3d4       34%         3
 Silence                  Hex/Air        10%        N/A       50%         5
 Flame Wave               Conj/Fire      5%         2d5       75%         4
 Ice Form                 Ice/Tmut       5%         N/A       75%         4
 Sticky Flame             Conj/Fire      5%         2d3       75%         4
 Agony                    Necr           5%         N/A       97%         5
 Blade Hands              Tmut           2%         N/A       97%         5
 Iron Shot                Conj/Erth      2%         9d2       100%        6
 Animate Armour           Summ/Erth      Unusable   N/A       N/A         4
 Simulacrum               Ice/Necr       Unusable   N/A       N/A         6

Dungeon Overview and Level Annotations

Branches:
Dungeon (7/15)             Temple (1/1) D:6

Altars:
Elyvilon
Fedhas
Gozag
Hepliaklqana
Kikubaaqudgha
Makhleb
Okawaru
Qazlal
Sif Muna
Wu Jian
Xom
The Shining One

Shops:
D:5 (   D:6 =

Annotations:
D:6 1 runed translucent door


Innate Abilities, Weirdness & Mutations

You have sharp claws.
You have razor-sharp teeth.
You have supernaturally acute eyesight. (SInv)
You cover ground quickly. (Speed+)
You are covered in thick fur. (AC +2)
Your paws help you pounce on unaware monsters.
You are incapable of wielding weapons or throwing items.
You cannot wear armour.
You gain extra lives every three experience levels.


Message History

The bolt of electricity hits the wyvern!
The wyvern attacks as you move away! The wyvern barely misses you.
Your hound closely misses the wyvern.
You swap places.
Your hound bites the wyvern.
The wyvern bites your hound.
Your hound bites the wyvern but does no damage.
The wyvern barely misses your hound.
Your quokka bites the wyvern but does no damage.
Your hound bites the wyvern but does no damage.
The wyvern bites your quokka!
Your quokka dies!
Your quokka's corpse disappears in a puff of smoke!
Your hound bites the wyvern.
The wyvern bites your guardian golem!
Your hound bites the wyvern.
The wyvern barely misses your guardian golem.
Your hound bites the wyvern.
The wyvern hisses menacingly.
The wyvern bites your guardian golem.
Your hound bites the wyvern.
The wyvern barely misses your guardian golem.
Your hound bites the wyvern but does no damage.
The wyvern bites your hound but does no damage.
Your hound bites the wyvern.
The wyvern bites your hound!
Your hound bites the wyvern but does no damage.
The wyvern bites your hound!
Your guardian golem overheats!
Your hound barely misses the wyvern.
The wyvern bites your hound!
Your hound dies!
Your hound's corpse disappears in a puff of smoke!
Flame seeps out of your guardian golem.
The wyvern hisses angrily.
Your guardian golem is engulfed in blazing flames.
Flame seeps out of your guardian golem. The wyvern bites your guardian golem!
Your guardian golem disappears in a puff of smoke!
Your guardian golem explodes!
The fiery explosion engulfs the wyvern!!
The wyvern dies!
The fiery explosion engulfs you!!!
Ouch! That really hurt!
You die...
Your body crumbles into a pile of gold.

#.......................#
#############..........#######.#
##.....##..............∩# #.#
#.......................# #..
........................## ###
............<............#
......................##.##
..................#.###...# #
..............§§@#..# #...####
## ............§..○§#.##
#.^....###. #...........§.§#§#.#
#...##..... ##.....##.8........#
#...####... ###########.......#
##...# #..#.
#..#.....###...####.###
#######.##....###.........###
#....#..##..........#........
###(....##.........##.#######


You could see a friendly lightning spire (summoned, sheltered).

Vanquished Creatures
  A scorpion (D:5)
  2 adders
  An ufetubus (D:5)
  3 orcs
  2 jackals (D:1)
  A kobold (D:2)
  A rat (D:2)
11 creatures vanquished.

Vanquished Creatures (collateral kills)
  A wyvern (D:6)
  A steam dragon (D:6)
  2 ice beasts (D:7)
  A centaur (D:6)
  A phantom (D:7)
  4 wights
  A jelly (D:5)
  3 hounds
  An orc priest (D:6)
  2 iguanas
  3 gnolls (D:5)
  3 adders
  A shadow imp (D:5)
  A white imp (D:6)
  An ufetubus (D:4)
  2 worms
  3 dart slugs
  10 orcs
  8 endoplasms
  4 giant cockroaches
  7 goblins
  5 hobgoblins
  5 jackals
  A quokka (D:2)
  4 ball pythons
  2 frilled lizards
  4 kobolds
  9 rats
  2 butterflies (D:6)
92 creatures vanquished.

Vanquished Creatures (others)
  A wyvern (D:6)
  3 yaks (D:5)
  A black bear (D:5)
  An ice beast (D:6)
  A centaur (D:4)
  A scorpion (D:6)
  3 wights (D:4)
  An iguana (D:5)
  3 orcs (D:6)
  4 fungi (D:2)
  A plant (D:2)
20 creatures vanquished.

Grand Total: 123 creatures vanquished

Notes
Turn   | Place    | Note
-------+----------+-------------------------------------------
     0 | D:1      | wormed the Felid Summoner began the quest for the Orb.
     0 | D:1      | Reached XP level 1. HP: 7/7 MP: 4/4
   384 | D:1      | Reached XP level 2. HP: 3/11 MP: 3/6
  1485 | D:2      | Reached XP level 3. HP: 14/14 MP: 5/8
  1791 | D:2      | Found a faded altar of an unknown god.
  1986 | D:3      | Learned a level 3 spell: Call Canine Familiar
  2265 | D:3      | Reached XP level 4. HP: 18/18 MP: 6/9
  2269 | D:3      | Learned a level 3 spell: Summon Guardian Golem
  2558 | D:3      | Reached skill level 5 in Summonings
  2988 | D:4      | Noticed a centaur
  3158 | D:4      | Found a blossoming altar of Fedhas.
  3422 | D:4      | Reached skill level 1 in Fighting
  3422 | D:4      | Reached skill level 1 in Hexes
  3422 | D:4      | Reached XP level 5. HP: 22/22 MP: 4/11
  3508 | D:4      | Killed a centaur
  3607 | D:4      | Gained mutation: You are covered in thick fur. (AC +2)
                  | [Felid growth]
  3607 | D:4      | Reached XP level 6. HP: 26/26 MP: 4/12
  4095 | D:4      | Learned a level 4 spell: Summon Lightning Spire
  4111 | D:5      | Entered Level 5 of the Dungeon
  4285 | D:5      | Found Rommaev's Weapon Emporium.
  4374 | D:5      | Reached XP level 7. HP: 30/30 MP: 7/14
  4663 | D:5      | Noticed a yak
  4709 | D:5      | Noticed a yak
  4714 | D:5      | Noticed a yak
  4722 | D:5      | Killed a yak
  4722 | D:5      | Killed a yak
  4723 | D:5      | Reached skill level 5 in Dodging
  4723 | D:5      | Reached skill level 5 in Hexes
  4723 | D:5      | Reached skill level 1 in Air Magic
  4743 | D:5      | Killed a yak
  4744 | D:5      | Reached XP level 8. HP: 34/34 MP: 4/16
  5310 | D:6      | Found Jinwix's Jewellery Emporium.
  5775 | D:6      | Reached skill level 5 in Spellcasting
  5935 | D:6      | Found a staircase to the Ecumenical Temple.
  5946 | Temple   | Entered the Ecumenical Temple
  6121 | Temple   | Became a worshipper of Gozag Ym Sagoz the Greedy
  6430 | D:6      | Shot with an arrow by a centaur
  6431 | D:6      | Reached XP level 7. HP: 0/32 MP: 13/15
  6533 | D:6      | Found a runed translucent door.
  7158 | D:7      | Reached XP level 8. HP: 36/36 MP: 9/17
  7410 | D:6      | Slain by a wyvern
  7411 | D:6      | Reached XP level 7. HP: -1/49 MP: 9/16
  7447 | D:6      | Killed a wyvern
  7447 | D:6      | Killed by an exploding themself... ignited by their inner
                  | flame

Illustrated notes

Levels and vault maps discovered:
D:1:      minmay_arrival_split_and_join, layout_loops_corners
D:2:      layout_rooms, shapermc_ecumenical_altar_ellora
D:3:      layout_basic
D:4:      layout_basic, general_overflow_altar
D:5:      layout_cave_pools, serial_shops, nicolae_shop_bloodbath_and_beyond
D:6:      layout_rooms, minmay_temple_entry_butterflies,
          cheibrodos_sewer_entry_drain, serial_shops, shop,
          lightli_church_of_beogh
D:7:      layout_cave_pools, mainiacjoe_overflow_brackets
Temple:   mainiacjoe_temple_cubbyholes

Skill      XL: |  1  2  3  4  5  6  7  8 |
---------------+-------------------------+-----
Spellcasting   | 3 4 5 |  5.6
Summonings     | 5 6 7 |  7.0
Fighting       | 1 2 3 4 |  4.8
Dodging        | 3 4 5 7 |  7.0
Hexes          | 1 2 3 5 |  5.0
Air Magic      | 3 2 |  3.3
Stealth        | |  2.6

Action                   |  1- 3 |  4- 6 |  7- 9 || total
-------------------------+-------+-------+-------++-------
Melee: Unarmed           |    24 |     9 |    24 ||    57
       Bite              |     2 |     2 |     3 ||     7
       Punch             |     1 |       |     1 ||     2
 Cast: Summon Small Mamm |    58 |    29 |    27 ||   114
       Call Canine Famil |     6 |    22 |    33 ||    61
       Summon Guardian G |       |     9 |    21 ||    30
       Summon Lightning  |       |       |     9 ||     9
Evoke: Wand              |       |       |     1 ||     1
  Use: Scroll            |     6 |     2 |     2 ||    10
       Potion            |       |     1 |     1 ||     2
 Stab: Distracted        |     1 |     1 |       ||     2
       Paralysed         |       |       |     1 ||     1
Armor: Skin              |       |     1 |    11 ||    12
Dodge: Dodged            |    29 |    33 |    46 ||   108

Table legend: (Time is in decaauts)
 A = Elapsed time spent in this place.
 B = Non-inter-level travel time spent in this place.
 C = Inter-level travel time spent in this place.
 D = Time resting spent in this place.
 E = Time spent auto-exploring this place.
 F = Levels seen in this place.
 G = Mean time per level.
                   A        B        C        D        E       F      G
               +--------+--------+--------+--------+--------+-----+--------+
         Total |   6643 |   6363 |    280 |      0 |   4704 |   8 |  830.4 |
       Dungeon |   6433 |   6219 |    214 |      0 |   4572 |   7 |  919.0 |
        Temple |    209 |    144 |     65 |      0 |    131 |   1 |  209.0 |
               +--------+--------+--------+--------+--------+-----+--------+

Top non-repeatable levels by time:
     D:5: 1293 daAuts
     D:6: 1160 daAuts
     D:1: 1076 daAuts
     D:4: 1045 daAuts
     D:3: 922 daAuts
     D:2: 627 daAuts
     D:7: 309 daAuts
  Temple: 209 daAuts
